AoeStats
← ✪Gạo trắng

Nomad

509293012Analyzed
4v4 RM · 7d ago on Sep 26, 2026· 32m 55s· 8 players
Game mode
Random Map
Map size
231×231
Population
200
Speed
Normal
Resources
Standard
Victory
Conquest
Starting age
Dark Age
Ending age
Imperial Age
RankedLock teamsTeams togetherTeam positionsShared explorationLock speedFull tech treeHidden civsTurbo modeCheats
Victory
Defeat
🇫🇷 Danes · France
1345
+9
🇨🇳 Saxons · China
1236
+13
🇳🇿 Koreans · New Zealand
1225
+14
🇹🇼 Varangians · Taiwan
1095
+20
🇪🇸 Danes · Spain
1222
-16
🇳🇴 Cumans · Norway
1184
-14
🇯🇵 Japanese · Japan
1177
-14
🇻🇳 Burgundians · Vietnam
1138
-12
Note1984
4:51 Loom
12:46 Feudal Age
13:12 Double-Bit Axe
23:46 Castle Age
21:44 Horse Collar
21:57 Gold Mining
25:18 Medium Warships
Globox
12:19 Feudal Age
13:27 Double-Bit Axe
14:00 Horse Collar
17:11 Loom
24:26 Castle Age
23:01 Wheelbarrow
24:50 Scale Barding Armor
24:56 Forging
24:58 Bloodlines
25:56 Bow Saw
25:47 Heavy Plow
25:50 Gold Mining
✪Gạo trắng
3:42 Loom
16:45 Feudal Age
15:51 Double-Bit Axe
23:00 Castle Age
only vills
5:14 Loom
18:11 Feudal Age
18:40 Town Watch
18:43 Fishing Lines
19:03 Double-Bit Axe
19:11 Stone Mining
19:39 Gold Mining
22:06 Castle Age
21:18 Fletching
23:08 Bow Saw
23:02 Town Patrol
23:02 Gillnets
24:46 Bodkin Arrow
The REAL Pepsiman
10:48 Loom
15:37 Feudal Age
19:30 Castle Age
21:48 Scale Mail Armor
21:59 Forging
22:05 Double-Bit Axe
26:00 Squires
27:48 Iron Casting
28:28 Arson
Boar_Hunter_Victim
10:59 Loom
13:11 Feudal Age
13:41 Double-Bit Axe
17:06 Fletching
19:12 Horse Collar
22:03 Castle Age
22:03 Stone Mining
22:04 Gold Mining
23:52 Bodkin Arrow
25:16 Wheelbarrow
29:26 Heavy Plow
31:40 Hand Cart
Minneapolis
5:03 Loom
14:04 Feudal Age
14:37 Double-Bit Axe
15:39 Fletching
20:42 Castle Age
19:47 Fishing Lines
22:00 Bow Saw
22:14 Medium Warships
22:02 Bodkin Arrow
25:12 Wheelbarrow
28:08 Gillnets
30:23 Horse Collar
32:19 Ballistics
35:16 Imperial Age
開機中
5:18 Loom
14:13 Feudal Age
18:26 Castle Age
16:42 Double-Bit Axe
17:38 Scale Barding Armor
18:32 Forging
19:37 Chain Barding Armor
19:54 Bloodlines
23:47 Bow Saw
27:24 Husbandry
28:13 Horse Collar
31:23 Wheelbarrow
33:19 Heavy Plow
Connection lost

Rejoining the realm…

Still unreachable

The connection could not be restored.

Session expired

The server has moved on; the page needs a fresh start.